 Dungeon Crawl Stone Soup version 0.21-a0-578-gc6e9d75 (webtiles) character file.

216 slep the Chopper (level 5, 0/45 HPs)
             Began as a Draconian Gladiator on Dec 19, 2017.
             Slain by Blork the orc
             ... wielding a +0 dire flail
              (4 damage)
             ... on level 4 of the Dungeon.
             The game lasted 00:07:53 (2150 turns).

slep the Chopper (Draconian Gladiator)              Turns: 2150, Time: 00:07:53

Health: 0/45       AC:  5    Str: 17    XL:     5   Next: 61%
Magic:  5/5        EV: 13    Int:  8    God:
Gold:   146        SH:  0    Dex: 13    Spells: 3/4 levels left

rFire    + . .     SeeInvis +   a - +0 war axe
rCold    x . .     Gourm    .   (no shield)
rNeg     . . .     Faith    .   (armour unavailable)
rPois    .         Spirit   .   b - +0 hat
rElec    .         Reflect  .   j - scarf {repulsion}
rCorr    .         Harm     .   (no gloves)
MR       .....                  (no boots)
Stlth    ++........             (no amulet)
HPRegen  0.15/turn              e - ring of fire
MPRegen  0.09/turn              s - ring of see invisible

@: repel missiles
A: unfitting armour, cold-blooded, AC +5
a: no special abilities


You were on level 4 of the Dungeon.
You were not hungry.

You visited 1 branch of the dungeon, and saw 4 of its levels.

You collected 146 gold pieces.

Inventory:

Hand Weapons
 a - a +0 war axe (weapon)
 m - a +3 hunting sling
Missiles
 c - 3 throwing nets (quivered)
 i - 66 sling bullets
Armour
 b - a +0 hat (worn)
 j - a scarf of repulsion (worn)
Jewellery
 e - a ring of fire (left hand)
 s - a ring of see invisible (right hand)
Wands
 y - a wand of iceblast (7)
Scrolls
 g - 2 scrolls of teleportation {unknown}
 h - a scroll of amnesia {unknown}
 n - 4 scrolls of identify {unknown}
 o - a scroll of immolation {unknown}
 p - a scroll of remove curse {unknown}
 x - a scroll of enchant armour {unknown}
Potions
 f - 2 potions of heal wounds
 k - a potion of invisibility {unknown}
 l - a potion of lignification {unknown}
 r - a potion of agility {unknown}
 t - a potion of haste {unknown}
 u - 2 potions of curing {unknown}
 v - a potion of berserk rage {unknown}
 w - 2 potions of flight {unknown}
Books
 z - a book of Cantrips

   Spells                             Type                      Level
   a - Confusing Touch                Hexes                        1
   b - Animate Skeleton               Necromancy                   1
   c - Summon Small Mammal            Summoning                    1
   d - Apportation                    Translocation                1
Comestibles
 d - 7 rations
 q - 6 chunks of flesh


   Skills:
 + Level 3.1 Fighting
 + Level 5.0 Axes
 + Level 2.0 Throwing
 + Level 3.7 Dodging
 + Level 0.8 Stealth


You had 3 spell levels left.
You knew the following spells:

 Your Spells              Type           Power        Failure   Level  Hunger
a - Apportation           Tloc           #.....       41%         1    ##.....


Dungeon Overview and Level Annotations

Branches:
Dungeon (4/15)
 Temple: D:4-7

Altars:
Fedhas
Makhleb
Xom

Annotations:
D:4 Blork the orc


Innate Abilities, Weirdness & Mutations

Your plain brown scales are hard. (AC +5)
You cannot fit into any form of body armour.
You are cold-blooded and may be slowed by cold attacks.


Message History

Blork the orc comes into view.
He is wielding a dire flail.
Blork the orc shouts!
Blork the orc hits you with a dire flail!
Blork the orc misses you.
You slash Blork the orc!
Blork the orc is moderately wounded.
Blork the orc hits you with a dire flail.
You hit Blork the orc.
Blork the orc is heavily wounded.
Blork the orc hits you with a dire flail!
* * * LOW HITPOINT WARNING * * *
Blork the orc closely misses you.
You hit Blork the orc.
You tail-slap Blork the orc, but do no damage.
Blork the orc is heavily wounded.
Blork the orc closely misses you.
You hit Blork the orc but do no damage.
Blork the orc is heavily wounded.
Blork the orc hits you with a dire flail.
You die...

# #. ###.######
#.....#.. #.#.#.#.# #
#.#.#...#####
#.#...o@....#
..#####.###...###....
.........##.#.# #
..#####.....#.# ####
##.####.# .... #.#
#.. #### #.# ### ###
#.# ..# #.#


You could see Blork the orc.

Vanquished Creatures
  2 hounds
  Robin (D:4)
  A gnoll (D:4)
  3 adders (D:2)
  2 worms (D:3)
  4 dart slugs
  2 leopard geckos
  An orc (D:3)
  3 giant cockroaches
  13 goblins
  14 hobgoblins
  13 jackals
  5 bats
  3 frilled lizards
  9 kobolds
  10 rats
86 creatures vanquished.

Notes
Turn   | Place    | Note
-------+----------+-------------------------------------------
     0 | D:1      | slep the Draconian Gladiator began the quest for the Orb.
     0 | D:1      | Reached XP level 1. HP: 17/17 MP: 1/1
    26 | D:1      | Reached XP level 2. HP: 14/24 MP: 2/2
   182 | D:1      | Reached XP level 3. HP: 10/30 MP: 3/3
   190 | D:1      | HP: 1/30 [hobgoblin/club (3)]
  1052 | D:2      | Reached XP level 4. HP: 31/37 MP: 4/4
  1055 | D:2      | Reached skill level 4 in Axes
  1130 | D:2      | Found a faded altar of an unknown god.
  1257 | D:2      | Found a burning altar of Makhleb.
  1444 | D:3      | Reached XP level 5. HP: 45/45 MP: 5/5
  1542 | D:3      | Found a blossoming altar of Fedhas.
  1743 | D:3      | Found a shimmering altar of Xom.
  2025 | D:4      | Noticed Robin
  2056 | D:4      | Killed Robin
  2056 | D:4      | Reached skill level 5 in Axes
  2120 | D:4      | Learned a level 1 spell: Apportation
  2143 | D:4      | Noticed Blork the orc
  2150 | D:4      | Slain by Blork the orc

Vault maps used:
D:1:      ncdulo_watergridlock, minmay_circled_x
D:2:      makhleb_heckhound_becter, chequers_ecumenical_altar_twisty
D:3:      lemuel_doored_altar, old_standard_altar, first_ration,
          kennysheep_minor_cross, minmay_misc_feat_five
D:4:      yredelemnul_altar_generic, grunt_temple_overflow_open,
          lemuel_crystal_altar, uniq_edmund, uniq_robin, uniq_blork_the_orc

Skill      XL: |  1  2  3  4  5 |
---------------+----------------+-----
Throwing       | 2 |  2.0
Dodging        | 3 |  3.7
Axes           | 4 5 |  5.0
Fighting       | 3 |  3.1
Stealth        | |  0.8

Action                   |  1- 3 |  4- 6 || total
-------------------------+-------+-------++-------
Melee: War axe           |   105 |   104 ||   209
       Tailslap          |     9 |     8 ||    17
 Stab: Sleeping          |     1 |     2 ||     3
  Eat: Chunk             |       |     4 ||     4
Armor: Skin              |    32 |    49 ||    81
Dodge: Dodged            |   115 |   108 ||   223
       Deflected         |     1 |     1 ||     2

Table legend:
 A = Spawn XP
 B = Non-spawn XP
 C = Spawn XP percentage of total XP
 D = Spawn monster count
 E = Non-spawn monster count
 F = Spawn count percentage of total count
 G = Total turns spent on level
                    A         B        C        D         E        F      G
               +---------+---------+-------+---------+---------+-------+---------
         Total |       0 |     309 |   0.0 |       0 |      86 |   0.0 |  2150
               +---------+---------+-------+---------+---------+-------+---------
           D:1 |       0 |      55 |   0.0 |       0 |      31 |   0.0 |   804
           D:2 |       0 |     112 |   0.0 |       0 |      19 |   0.0 |   566
           D:3 |       0 |      84 |   0.0 |       0 |      20 |   0.0 |   653
           D:4 |       0 |      58 |   0.0 |       0 |      16 |   0.0 |   127
               +---------+---------+-------+---------+---------+-------+---------
